 Dungeon Crawl Stone Soup version 0.23.2-30-g0e89c35649 (webtiles) character file.

Game seed: 11459122236625769544

257 Mrkan the Digger (level 6, -6/44 HPs)
             Began as a Gnoll Earth Elementalist on June 25, 2019.
             Blown up by Ijyb (9 damage)
             ... with a wand of disintegration (10)
             ... on level 3 of the Dungeon.
             The game lasted 00:06:25 (2267 turns).

Mrkan the Digger (Gnoll Earth Elementalist)         Turns: 2267, Time: 00:06:25

Health: -6/44      AC:  3    Str: 11    XL:     6   Next: 16%
Magic:  9/13       EV: 15    Int: 19    God:
Gold:   110        SH:  0    Dex: 15    Spells: 11/15 levels left

rFire    . . .     SeeInvis .     - Unarmed
rCold    . . .     Gourm    .   (no shield)
rNeg     . . .     Faith    .   c - +0 robe
rPois    .         Spirit   .   y - +0 helmet
rElec    .         Reflect  .   (no cloak)
rCorr    +         Harm     .   (no gloves)
MR       .....                  (no boots)
Stlth    +++.......             (no amulet)
HPRegen  0.14/turn              h - ring of resist corrosion
MPRegen  0.13/turn              (no ring)

@: no status effects
A: distributed training, fangs 1, strong nose
a: no special abilities


You were on level 3 of the Dungeon.
You were very hungry.

You visited 1 branch of the dungeon, and saw 3 of its levels.

You collected 110 gold pieces.

Inventory:

Hand Weapons
 w - a +0 hunting sling
Missiles
 b - 75 stones (quivered)
 l - 7 tomahawks of returning
 n - 20 sling bullets
Armour
 c - a +0 robe (worn)
 y - a +0 helmet (worn)
Jewellery
 g - an uncursed ring of protection from fire {unknown}
 h - a ring of resist corrosion (left hand)
 p - a +3 ring of evasion {unknown}
 q - a +2 ring of intelligence {unknown}
 s - a +4 ring of intelligence {unknown}
Scrolls
 a - a scroll of amnesia {unknown}
 e - a scroll of fog {unknown}
 f - 3 scrolls of enchant armour {unknown}
 i - 4 scrolls of remove curse {unknown}
 j - a scroll of identify {unknown}
 r - a scroll of random uselessness {unknown}
 v - a scroll of enchant weapon {unknown}
 x - a scroll of teleportation {unknown}
Potions
 k - 3 potions of resistance {unknown}
 m - a potion of flight {unknown}
 o - a potion of agility {unknown}
 t - a potion of mutation {unknown}
 u - a potion of ambrosia {unknown}
Comestibles
 d - 4 rations


   Skills:
 + Level 1.8 Fighting
 + Level 1.8 Short Blades
 + Level 1.8 Long Blades
 + Level 1.8 Axes
 + Level 1.8 Maces & Flails
 + Level 1.8 Polearms
 + Level 1.8 Staves
 + Level 1.8 Slings
 + Level 1.8 Bows
 + Level 1.8 Crossbows
 + Level 1.8 Throwing
 + Level 1.8 Armour
 + Level 4.9 Dodging
 + Level 4.5 Stealth
 + Level 1.8 Shields
 + Level 1.8 Unarmed Combat
 + Level 5.3 Spellcasting
 + Level 1.4 Conjurations
 + Level 1.4 Hexes
 + Level 1.4 Charms
 + Level 1.4 Summonings
 + Level 1.4 Necromancy
 + Level 1.4 Translocations
 + Level 2.5 Transmutations
 + Level 1.4 Fire Magic
 + Level 1.4 Ice Magic
 + Level 1.4 Air Magic
 + Level 5.6 Earth Magic
 + Level 1.4 Poison Magic
 + Level 2.0 Invocations
 + Level 1.8 Evocations


You had 11 spell levels left.
You knew the following spells:

 Your Spells              Type           Power        Failure   Level  Hunger
a - Sandblast             Erth           ####..       1%          1    None
b - Stone Arrow           Conj/Erth      ###...       9%          3    ##.....

Your spell library contained the following spells:

 Spells                   Type           Power        Failure   Level  Hunger
 Passwall                 Tmut/Erth      ###.....     3%          2    None
 Petrify                  Tmut/Erth      ###.....     22%         4    ####...
 Lee's Rapid Deconstruct  Erth           ####......   32%         5    #####..


Dungeon Overview and Level Annotations

Branches:
Dungeon (3/15)

Altars:
Fedhas
Kikubaaqudgha

Annotations:
D:3 Ijyb


Innate Abilities, Weirdness & Mutations

Your experience applies equally to all skills.
You have very sharp teeth.
Your uncanny sense of smell can sniff out nearby items.


Message History

Aiming: Sandblast (safe; 1% risk of failure)
Press: ? - help, Shift-Dir - straight line, f/p - Ijyb
Aim: Ijyb, wielding a +1 dagger of holy wrath, wearing a +0 leather armour and carrying a wand of disintegration (12) (lightly wounded)
The blast of sand hits Ijyb.
Ijyb is moderately wounded.
b - 76 stones Ijyb zaps a wand.
You are blasted!
Ouch! That really hurt!
Casting: Sandblast (safe; 1% risk of failure)
Confirm with . or Enter, or press ? or * to list all spells.
Aiming: Sandblast (safe; 1% risk of failure)
Press: ? - help, Shift-Dir - straight line, f/p - Ijyb
Aim: Ijyb, wielding a +1 dagger of holy wrath, wearing a +0 leather armour and carrying a wand of disintegration (11) (moderately wounded)
The blast of sand hits Ijyb.
Ijyb is heavily wounded.
b - 75 stones Ijyb zaps a wand.
You are blasted!
* * * LOW HITPOINT WARNING * * *
Ijyb zaps a wand.
You are blasted!
You die...

##### ##...## ######.....##
##########...#.......#
#..........#.#[......#
#.##g.@....#.#.......#
#..#######..........##
#..##...####.##.....##
###..PP._P# #..#.......#
#.P......P###.##.......#
#.P......P####............#
#P_..P..### #......)....##
#.^.##..# ####......#...##
#### ....∆ ............## #


You could see Ijyb.

Vanquished Creatures
  Grinder (D:3)
  2 adders (D:2)
  An ooze (D:1)
  A worm (D:2)
  A dart slug (D:1)
  2 leopard geckos
  A hobgoblin (D:3)
  10 bats
  5 frilled lizards
  4 goblins
  4 kobolds
  10 rats
42 creatures vanquished.

Notes
Turn   | Place    | Note
-------+----------+-------------------------------------------
     0 | D:1      | Mrkan the Gnoll Earth Elementalist began the quest for the
                  | Orb.
     0 | D:1      | Reached XP level 1. HP: 13/13 MP: 6/6
   327 | D:1      | Reached XP level 2. HP: 19/19 MP: 4/7
  1119 | D:2      | Reached XP level 3. HP: 24/25 MP: 6/9
  1176 | D:2      | Reached skill level 5 in Spellcasting
  1293 | D:2      | Learned a level 3 spell: Stone Arrow
  1386 | D:2      | Reached skill level 1 in Invocations
  1603 | D:2      | Reached skill level 1 in Fighting
  1603 | D:2      | Reached skill level 1 in Short Blades
  1603 | D:2      | Reached skill level 1 in Long Blades
  1603 | D:2      | Reached skill level 1 in Axes
  1603 | D:2      | Reached skill level 1 in Maces & Flails
  1603 | D:2      | Reached skill level 1 in Polearms
  1603 | D:2      | Reached skill level 1 in Staves
  1603 | D:2      | Reached skill level 1 in Slings
  1603 | D:2      | Reached skill level 1 in Bows
  1603 | D:2      | Reached skill level 1 in Crossbows
  1603 | D:2      | Reached skill level 1 in Throwing
  1603 | D:2      | Reached skill level 1 in Armour
  1603 | D:2      | Reached skill level 1 in Shields
  1603 | D:2      | Reached skill level 1 in Unarmed Combat
  1603 | D:2      | Reached skill level 1 in Evocations
  1707 | D:2      | Reached XP level 4. HP: 32/32 MP: 11/11
  1942 | D:3      | Noticed Grinder
  2196 | D:3      | Killed Grinder
  2196 | D:3      | Reached skill level 1 in Conjurations
  2196 | D:3      | Reached skill level 1 in Hexes
  2196 | D:3      | Reached skill level 1 in Charms
  2196 | D:3      | Reached skill level 1 in Summonings
  2196 | D:3      | Reached skill level 1 in Necromancy
  2196 | D:3      | Reached skill level 1 in Translocations
  2196 | D:3      | Reached skill level 1 in Fire Magic
  2196 | D:3      | Reached skill level 1 in Ice Magic
  2196 | D:3      | Reached skill level 1 in Air Magic
  2196 | D:3      | Reached skill level 1 in Poison Magic
  2196 | D:3      | Reached XP level 5. HP: 38/38 MP: 7/12
  2196 | D:3      | Reached XP level 6. HP: 44/44 MP: 7/13
  2248 | D:3      | Noticed Ijyb
  2251 | D:3      | Found an ancient bone altar of Kikubaaqudgha.
  2252 | D:3      | Found a blossoming altar of Fedhas.
  2258 | D:3      | HP: 1/44 [disintegration (19)]
  2267 | D:3      | Blown up by Ijyb

Skill      XL: |  1  2  3  4 |
---------------+-------------+-----
Transmutations | 2 |  2.5
Spellcasting   | 5 |  5.3
Invocations    | 1 2 |  2.0
Fighting       | 1 |  1.8
Short Blades   | 1 |  1.8
Long Blades    | 1 |  1.8
Axes           | 1 |  1.8
Maces & Flails | 1 |  1.8
Polearms       | 1 |  1.8
Staves         | 1 |  1.8
Slings         | 1 |  1.8
Bows           | 1 |  1.8
Crossbows      | 1 |  1.8
Throwing       | 1 |  1.8
Armour         | 1 |  1.8
Shields        | 1 |  1.8
Unarmed Combat | 1 |  1.8
Evocations     | 1 |  1.8
Conjurations   | 1 |  1.4
Hexes          | 1 |  1.4
Charms         | 1 |  1.4
Summonings     | 1 |  1.4
Necromancy     | 1 |  1.4
Translocations | 1 |  1.4
Fire Magic     | 1 |  1.4
Ice Magic      | 1 |  1.4
Air Magic      | 1 |  1.4
Poison Magic   | 1 |  1.4
Dodging        | |  4.9
Stealth        | |  4.5
Earth Magic    | |  5.6

Action                   |  1- 3 |  4- 6 || total
-------------------------+-------+-------++-------
Melee: Unarmed           |    40 |       ||    40
       Bite              |     3 |       ||     3
 Cast: Sandblast         |    28 |     9 ||    37
       Stone Arrow       |    10 |     7 ||    17
 Stab: Sleeping          |     4 |       ||     4
  Eat: Chunk             |     2 |     2 ||     4
Armor: Robe              |    18 |     1 ||    19
Dodge: Dodged            |    53 |       ||    53
